Cogmind - Beta 16.1 @@@ ROGUE MODE // 2026.02.24 @ 20:54:08 Player: Berinjela Result: Destroyed by as-64398 with Assembled Heavy Rifle Performance ------------- Evolutions (0) 0 Regions Visited (2) 400 Robots Destroyed (17) 85 Value Destroyed (449) 449 Prototype IDs (0) 0 Alien Tech Used (0) 0 Bonus (0) 0 TOTAL SCORE: 934 Bonus ------- None Cogmind --------- Core Integrity 0/250 Matter 344/500 Energy 160/160 System Corruption 0% Temperature Cool (0) Movement Walking (190) Ox1 Location -10/Mines Parts ------- > --- POWER (1) -------- Light Nuclear Core > --- PROPULSION (2) --- Aluminum Leg Aluminum Leg > --- UTILITY (2) ------ Large Storage Unit High-capacity Matter Pod > --- WEAPON (2) ------- Subdweller Beam Cannon Mining Laser > --- INVENTORY (15) --- Ion Engine Ion Engine Light Treads Light Treads Aluminum Leg Large Storage Unit Weight Redist. System Seismic Detector Seismic Detector Transport Network Coupler Grenade Launcher Peak State ------------ > --- POWER ------------ Light Nuclear Core > --- PROPULSION ------- Aluminum Leg Aluminum Leg > --- UTILITY ---------- Large Storage Unit High-capacity Matter Pod > --- WEAPON ----------- Subdweller Beam Cannon Mining Laser > --- INVENTORY -------- Ion Engine Ion Engine Light Treads Light Treads Large Storage Unit Weight Redist. System Seismic Detector Seismic Detector Transport Network Coupler Grenade Launcher [Rating: 11] Favorites ----------- Power Ion Engine Engine Ion Engine Power Core Light Nuclear Core Propulsion Aluminum Leg Leg Aluminum Leg Wheel Compact Wheel Utility Small Storage Unit Device Sensor Array Storage Small Storage Unit Weapon Assault Rifle Energy Gun Small Laser Energy Cannon Subdweller Beam Cannon Ballistic Gun Assault Rifle Special Weapon Mining Laser Build | -11 -10 -10 ------- Run | Yrd Mat Min Slots Evolved . | . . . Power . | . . . Propulsion . | . . . Utility . | . . . Weapon . | . . . Parts Attached 25 | 7 15 3 Power 5 | 1 3 1 Engine 4 | 1 3 . Core 1 | . . 1 Reactor . | . . . Propulsion 7 | 2 4 1 Treads . | . . . Leg 5 | . 4 1 Wheel 2 | 2 . . Hover . | . . . Flight . | . . . Utility 5 | 2 3 . Device 1 | . 1 . Storage 4 | 2 2 . Processor . | . . . Hackware . | . . . Protection . | . . . Artifact . | . . . Weapon 8 | 2 5 1 Energy Gun 3 | 1 2 . Energy Cannon 1 | . . 1 Ballistic Gun 3 | 1 2 . Ballistic Cannon . | . . . Launcher . | . . . Special Weapon 1 | . 1 . Impact Weapon . | . . . Slashing Weapon . | . . . Piercing Weapon . | . . . Special Melee Weapon . | . . . Unidentified Prototypes . | . . . Parts Lost 8 | . 6 2 Power 1 | . 1 . Propulsion 2 | . 2 . Utility 1 | . 1 . Weapon 4 | . 2 2 Highest Loss Streak 2 | . 2 2 To Critical Strikes 1 | . 1 . Average Backups 8 | 3 8 10 Power 1 | . 1 1 Propulsion 2 | 2 3 2 Utility 1 | . 1 5 Weapon 2 | . 2 2 Tool/Special . | . . . Unused Backups 12 | . 3 9 Power 2 | . 1 1 Propulsion 4 | . 2 2 Utility 5 | . . 5 Weapon 1 | . . 1 Tool/Special . | . . . Average Slot Usage (%) 98 | . 98 98 Engine 13 | . 14 9 Leg 17 | . 16 28 Wheel 10 | . 11 . Device 1 | . 1 . Storage 26 | . 25 28 Energy Gun 13 | . 14 7 Ballistic Gun 12 | . 13 7 Special Weapon 1 | . . 5 Peak Build Rating 11 | 7 8 11 Average Rating 7 | 5 7 9 On Entrance 5 | . 7 8 Avg Prop Armor Cover (%) . | . . . Naked Turns . | . . . Heaviest Build 38 | 17 32 38 Greatest Support 26 | 26 26 20 Greatest Overweight (x) 1 | . 1 1 Average Overweight (x) . | . . 1 Largest Inventory Capacity 15 | 8 15 15 Average Capacity 9 | 7 9 15 Most Carried 14 | 6 14 11 Average Carried 8 | 4 8 10 Final Capacity 15 | 8 15 15 Final Carried 11 | 6 11 11 Class Distribution -------------------- 93% | Mutant 6% | Scavenger-Mutant Dominant Class ---------------- Mutant | -10/Materials Scavenger-Mutant | -10/Mines Resources | -11 -10 -10 ----------- Run | Yrd Mat Min Matter Collected 643 | 263 315 65 Remotely . | . . . Salvage Created 715 | 124 526 65 Parts 41 | 5 30 6 Haulers Intercepted 1 | . 1 . Recyclers Shooed 2 | . 2 . Parts Field Recycled . | . . . Retrieved Matter . | . . . Parts Self-Destructed . | . . . Prevented . | . . . Parts Restored . | . . . Kills | -11 -10 -10 ------- Run | Yrd Mat Min Combat Hostiles Destroyed 11 | . 9 2 Guns 10 | . 9 1 Cannons 1 | . . 1 Classes Destroyed 8 | 2 6 . Worker 1 | . 1 . Tunneler 1 | 1 . . Hauler 1 | . 1 . Recycler 2 | 1 1 . Watcher 1 | . 1 . Swarmer 1 | . 1 . Grunt 8 | . 6 2 Subdweller 2 | . 2 . Best Kill Streak 5 | 2 5 2 Combat Bots Only 4 | . 4 2 Max Kills in Single Turn 2 | 1 2 1 Gunslinging . | . . . Exploded . | . . . Melee . | . . . Uniques/NPCs Destroyed . | . . . Combat | -11 -10 -10 -------- Run | Yrd Mat Min Hostile Shots Fired 110 | . 90 20 Missed 27 | . 23 4 Hits 83 | . 67 16 Projectile 83 | . 67 16 Critical Strikes 1 | . 1 . Damage Taken 1241 | 37 983 221 Core 251 | 37 183 31 Absorbed by Shields . | . . . Core Remaining (%) 85 | 85 . . Volleys Fired 62 | 7 48 7 Largest 2 | 2 2 2 Hottest 180 | 60 100 180 Shots Fired 115 | 8 93 14 Gun 108 | 8 91 9 Cannon 4 | . . 4 Launcher . | . . . Special 3 | . 2 1 Kinetic 53 | 1 46 6 Thermal 47 | . 39 8 Explosive . | . . . Electromagnetic 15 | 7 8 . Robot Hit Streak 11 | 6 11 9 Robot Miss Streak 2 | 2 2 1 Penetration Max . | . . . Secondary Targets 2 | . 2 . Max Gunslinging Chain 1 | . 1 . Shots Hit Robots 83 | 6 64 13 Core Hits 34 | 3 28 3 Critical Kills . | . . . Critical Parts Destroyed 1 | . 1 . Critical Strikes 1 | . 1 . Destroy 1 | . 1 . Melee Attacks . | . . . Impact . | . . . Slashing . | . . . Piercing . | . . . Sneak Attacks . | . . . Combat Hostiles . | . . . Follow-up Attacks . | . . . Damage Inflicted 1122 | 103 795 224 Guns 986 | 77 795 114 Cannons 86 | . . 86 Explosions 26 | 26 . . Melee . | . . . Ramming . | . . . Kinetic 467 | . 386 81 Thermal 473 | 26 304 143 Explosive . | . . . Electromagnetic 182 | 77 105 . Impact . | . . . Slashing . | . . . Piercing . | . . . Highest Corruption . | . . . Average Corruption . | . . . Corruption Purged . | . . . Corruption Blocked . | . . . Overload Shots . | . . . Overflow Damage . | . . . Projectiles . | . . . Explosions . | . . . Melee . | . . . Knockbacks . | . . . Impact . | . . . Kinetic . | . . . Secondary . | . . . Self-Inflicted Damage 37 | 37 . . Shots 1 | 1 . . Rammed . | . . . Targets Rammed . | . . . Kicked . | . . . Crushed . | . . . Highest Temperature 217 | 12 155 217 Average Temperature 49 | 12 38 88 Received Heat Transfer 462 | . 381 81 Effects 1 | . . 1 Energy Bleed 1 | . . 1 Siege Activations . | . . . Martial Activations . | . . . Shielding Activations . | . . . Robots Disrupted 1 | 1 . . Combat Hostiles . | . . . Robots Corrupted . | . . . Combat Hostiles . | . . . Parts Fried . | . . . Impact Corruptions . | . . . Robots Melted . | . . . Combat Hostiles . | . . . Parts Melted . | . . . Heat Transferred 1021 | 50 735 236 Parts Sabotaged . | . . . Parts Stolen . | . . . Parts Stripped . | . . . Power Chain Reactions 1 | 1 . . Alert | -11 -10 -10 ------- Run | Yrd Mat Min Maximum Alert Level . | . . . Low Security (%) 100 | 100 100 100 Level 1 . | . . . Level 2 . | . . . Level 3 . | . . . Level 4 . | . . . Level 5 . | . . . High Security . | . . . Max Security . | . . . Peak Influence 80 | 10 80 31 Initial . | . . . Average 17 | 1 20 11 Influence Increases 305 | 10 244 51 Destroy 0b10 Robot/C 180 | . 140 40 Destroy 0b10 Robot/NC 30 | 10 20 . Destroy Leader 64 | . 54 10 Disable Machine 15 | . 15 . Destroy Structure 1 | . . 1 Lose Combat Pursuer 15 | . 15 . Influence Decreases 294 | 10 244 40 Time Decay 248 | 10 208 30 Lost Part 46 | . 36 10 Squads Dispatched 3 | . 3 . Investigation 2 | . 2 . Extermination . | . . . Reinforcement 1 | . 1 . Assault . | . . . Garrison . | . . . Intercept . | . . . Searches Triggered . | . . . Construction Impeded . | . . . Haulers Reinforced . | . . . Active Scanning Responses . | . . . Cargo Convoy Interrupts . | . . . Stealth | -11 -10 -10 --------- Run | Yrd Mat Min Distress Signals 1 | . 1 . Communications Jammed . | . . . Distress Signals . | . . . Times Spotted 28 | . 24 4 Peak Tracking Total 6 | . 6 3 Tactical Retreats 2 | . 2 . Traps | -11 -10 -10 ------- Run | Yrd Mat Min Traps Triggered 2 | . 2 . Indirectly . | . . . Trap Hack Attempts . | . . . Triggered . | . . . Disarmed . | . . . Reprogrammed . | . . . Reused . | . . . Traps Extracted . | . . . Installed . | . . . Triggered . | . . . Machines | -11 -10 -10 ---------- Run | Yrd Mat Min Machines Disabled 2 | . 2 . Max in Single Turn 1 | . 1 . Machines Repaired . | . . . Machines Dismantled . | . . . Machines Sabotaged . | . . . Overloaded Fab Kills . | . . . Hacking | -11 -10 -10 --------- Run | Yrd Mat Min Machines Accessed 3 | . 3 . Terminals 3 | . 3 . Fabricators . | . . . Repair Stations . | . . . Recycling Units . | . . . Scanalyzers . | . . . Garrison Access . | . . . Total Hacks 5 | . 5 . Successful 2 | . 2 . Failed 3 | . 3 . Catastrophic . | . . . Database Lockouts . | . . . Manual 1 | . 1 . Terminals 5 | . 5 . Fabricators . | . . . Repair Stations . | . . . Recycling Units . | . . . Scanalyzers . | . . . Garrison Access . | . . . Terminal Hacks 2 | . 2 . Alert Level 1 | . 1 . Hauler Manifests 1 | . 1 . Fabricator Hacks . | . . . Repair Station Hacks . | . . . Recycling Unit Hacks . | . . . Scanalyzer . | . . . Garrison Access Hacks . | . . . Unauthorized Hacks . | . . . Terminals . | . . . Fabricators . | . . . Repair Stations . | . . . Recycling Units . | . . . Scanalyzers . | . . . Garrison Access . | . . . Data Cores Recovered . | . . . Used . | . . . Hacking Detections 1 | . 1 . Full Trace Events . | . . . Feedback Events . | . . . Feedback Blocked . | . . . Robot Schematics Acquired . | . . . Robots Built . | . . . Authchips . | . . . Time . | . . . Total Robot Build Rating . | . . . Part Schematics Acquired . | . . . Parts Built . | . . . Authchips . | . . . Time . | . . . Total Part Build Rating . | . . . Part Studies Acquired . | . . . Parts Repaired . | . . . Time . | . . . Parts Recycled . | . . . Recycled Matter . | . . . Retrieved Matter . | . . . Retrieved Components . | . . . Parts Scanalyzed . | . . . Part Schematics Acquired . | . . . Parts Damaged . | . . . Bothacking | -11 -10 -10 ------------ Run | Yrd Mat Min Used RIF Installer . | . . . Robots Hacked . | . . . Non-combat . | . . . Combat . | . . . Robot Hacks Applied . | . . . Relay Couplers Released . | . . . Fabnet Peak Effective % . | . . . Robots Rewired . | . . . Allies Hacked . | . . . Hacks Repelled . | . . . Allies | -11 -10 -10 -------- Run | Yrd Mat Min Total Allies . | . . . Largest Group . | . . . Highest-Rated Group . | . . . Highest-Rated Ally . | . . . Total Orders . | . . . Ally Attacks . | . . . Total Damage . | . . . Kills . | . . . Allies Corrupted . | . . . Allies Melted . | . . . Intel | -11 -10 -10 ------- Run | Yrd Mat Min Active Infowar (turns) 62 | . 62 . Sensors 62 | . 62 . Robot Analysis Total . | . . . Derelict Logs Recovered 1 | . . 1 Drone Launches . | . . . Drone Recoveries . | . . . Exploration | -11 -10 -10 ------------- Run | Yrd Mat Min Turns Passed 843 | 84 667 92 Spaces Moved 432 | 61 338 33 Core 5 | 5 . . Treads . | . . . Legs 168 | . 135 33 Wheels 259 | 56 203 . Hover . | . . . Flight . | . . . Fastest Speed 50 | 50 90 190 Average Speed 112 | 87 109 190 Slowest Speed 190 | 100 190 190 Overloaded Moves . | . . . Propulsion Burnouts . | . . . Robots Hopped . | . . . Potential Cave-ins . | . . . Cave-ins Triggered . | . . . Exploration Rate (%) 20 | 3 51 8 Regions Visited 2 Branch Regions 1 Pre-discovered Areas 1 | . . 1 Known Exits Taken . | . . . Unknown Exits Taken 2 | 1 1 . Scrap Searched . | . . . Spaces Dug . | . . . Terrain Destroyed 1 | . . 1 Melee . | . . . Projectile 1 | . . 1 AOE . | . . . Terrain Rammed . | . . . Walls Destroyed . | . . . Machines Disabled . | . . . Actions | -11 -10 -10 --------- Run | Yrd Mat Min Total 670 | 80 544 46 Wait 111 | . 109 2 Move 430 | 60 337 33 Hop . | . . . Pick Up 24 | 6 18 . Fast Attach 9 | 7 2 . Attach 10 | . 8 2 Detach 1 | . 1 . Swap 9 | . 7 2 Drop 14 | . 14 . Fire 62 | 7 48 7 Melee . | . . . Ram . | . . . Kick . | . . . Crush . | . . . Escape Stasis . | . . . Rewire . | . . . Trap . | . . . Miscellaneous . | . . . Route ------- -11/Scrapyard -10/Materials (discovered 2 exits: [*Mat] / [*Min]) -10/Mines History --------- Turn | Location | Event 16 | -11/Scrapyard | Discovered new exit (range 14) 85 | -11/Scrapyard | Entered Materials 133 | -10/Materials | Discovered new exit (range 9) 320 | -10/Materials | Build established: Mutant 337 | -10/Materials | Discovered new exit (range 15) 585 | -10/Materials | Derelicts attacked the area 689 | -10/Materials | Core integrity fell below 50% 743 | -10/Materials | Core integrity fell below 20% 752 | -10/Materials | Entered Mines 753 | -10/Mines | Assembled infested the area 773 | -10/Mines | Learned location of Zion (-6) 844 | -10/Mines | Destroyed by as-64398 with Assembled Heavy Rifle Last Messages --------------- Unit. 00731_ K-01 Serf collects debris. 00732_ R-06 Scavenger collects Com. Wheel. 00735_ K-01 Serf collects debris. 00742_ Aluminum Leg destroyed. 00742_ R-06 Scavenger collects Sub. Optics. 00748_ Assault Rifle destroyed. LOCATION=UNKNOWN GOAL=ESCAPE Something is scanning the area. 00753_ ALERT: Infestation in the mines, dispatching Demolisher response squad. 00773_ Acquired derelict log, extracted data. World map updated: -6/Zion. 00790_ Sml. Laser destroyed. 00791_ G-47 Trooper destroyed. 00799_ Assault Rifle destroyed. 00801_ G-34 Mercenary destroyed. 00806_ Overheating: Energy bleed (-57). 00806_ Acquired 65 matter. Map ----- +----------------------------------------------------+ | | | | | | | | | | | | | ?????????????????????????????? | | ?????????????????????????????? | | ?????????????????????????????? | | ???????####??????????????????? | | ??????## ??????????????????? | | ??????# ??????????????????? | | ??????# ??????????????????? | | ???????# ??????????????????? | | ????????# ##????????????????? | | ????????# ##???????????????? | | ???????## #???????????????? | | ???????# ##########??????? | | ???????# #??????? | | ???????## ####### #??????? | | ????????## #?????# #??????? | | ?????????## ##?????#!#??????? | | ??????????####?????## #####??? | | ???????????????????#* [= #??? | | ???????????????????###### #??? | | ????????????????????????#@#??? | | ????????????????????????# #??? | | ????????????????????????# #??? | | ????????????????????????# #??? | | ????????????????????????# #??? | | ????????????????????????# #??? | | ???????????????????????? #??? | | ???????????????????????? #??? | | ??????????????????????? ??? | | ??????????????????????? a ??? | | ?????????????????????? #??? | | ?????????????????????? a ??? | | ????????????????????? ??? | | ????????????????????? ??? | | ???????????????????? ??? | | ???????????????????? ??? | | ??????????????????? #??? | | ??????????????????? #???? | | ????????????????????? ###????? | | ?????????????????????????????? | | ?????????????????????????????? | | ?????????????????????????????? | | ?????????????????????????????? | | ?????????????????????????????? | | ?????????????????????????????? | +----------------------------------------------------+ Best States ------------- Heat Dissipation 25 Energy Generation 14 Energy Capacity 250 Matter Stores 364 Matter Capacity 500 Sight Range 16 Robot Scan Range 14 Terrain Scan Density 10 Evasion (%) 55 Item Schematics ----------------- None Robot Schematics ------------------ None Fabricated ------------ Nothing Repaired ---------- Nothing Studied --------- None Alien Tech Used ----------------- None Achievements -------------- None Challenges ------------ None Game ------ Seed AntimatterScrapEngine Manual? 0 Play Time 00:13:16 Cumulative 40.9 hours Start 2026.02.24 @ 20:39:27 End 2026.02.24 @ 20:54:08 Sessions 1 Manual Loads 0 Difficulty Rogue Special Mode None Game No. 40 Rogue 40 Adventurer 0 Explorer 0 Win Type - Total 0 Types 0/0/0/0/0/0/0/0/0/0 Lore% 12 Gallery% 27 Achievement% 18 Wizard Run 0 Options --------- Layout 1 ASCII 0 Keyboard 0 Movement Arrows Keybinds 0 Fullscreen 2 Font 48/Terminus Map View 50x35 Zoom Use 0% Tactical HUD 1 Map Filters NONE Filters NONE Steam 1 RUN: f1bb3ce8-d224-4bff-baad-9c4e7c7288a8